 Dungeon Crawl Stone Soup version 0.19-b1-5-gdc9fa9d (webtiles) character file.

7736 Monkfish the Covert (level 11, -7/67 HPs)
             Began as a Kobold Berserker on Oct 29, 2016.
             Was an Elder of Trog.
             Mangled by a warg (9 damage)
             ... on level 11 of the Dungeon on Nov 1, 2016.
             The game lasted 00:17:58 (8439 turns).

Monkfish the Covert (Kobold Berserker)              Turns: 8439, Time: 00:17:59

Health: -7/67      AC:  8    Str: 15    XL:     11   Next: 42%
Magic:  21/21      EV: 16    Int:  8    God:    Trog [****..]
Gold:   577        SH:  9    Dex: 18    Spells: 0 memorised, 10 levels left

rFire  + . .     SeeInvis +     y - +1 dagger (drain)
rCold  . . .     Gourm    .     u - +0 leather armour {rF+}
rNeg   . . .     Faith    .     i - +2 buckler
rPois  .         Spirit   .     C - +1 hat {SInv}
rElec  .         Reflect  .     n - +0 cloak
rCorr  .         Harm     .     b - +1 pair of gloves
MR     ++++.                    A - +0 pair of boots
Stlth  +++++++...               (no amulet)
                                q - ring "Fevyddo" {MR+ MP+9 Slay+2}
                                e - ring of protection from magic

@: exhausted, regenerating, slowed, very slow
A: camouflage 1, carnivore 3
a: Berserk, Trog's Hand, Brothers in Arms, Burn Spellbooks, Renounce Religion


You were on level 11 of the Dungeon.
You worshipped Trog.
Trog was greatly pleased with you.
You were full.

You visited 1 branch of the dungeon, and saw 11 of its levels.

You collected 577 gold pieces.

Inventory:

Hand Weapons
 r - a +1 dagger of speed
 y - a +1 dagger of draining (weapon)
Armour
 b - a +1 pair of gloves (worn)
 i - a +2 buckler (worn)
 n - a +0 cloak (worn)
 u - a +0 leather armour of fire resistance (worn)
 A - a +0 pair of boots (worn)
 C - a +1 hat of see invisible (worn)
Jewellery
 e - a ring of protection from magic (left hand)
 f - an uncursed ring of fire {unknown}
 g - an uncursed amulet of magic regeneration
 l - an uncursed ring of magical power {unknown}
 q - the ring "Fevyddo" (right hand) {MR+ MP+9 Slay+2}
   (You found it on level 6 of the Dungeon)

   [ring of magical power]

   It affects your accuracy and damage with ranged weapons and melee attacks
   (+2).
   It affects your resistance to hostile enchantments.
   It affects your magic capacity (+9).
 z - an uncursed ring of see invisible {unknown}
 D - an uncursed ring of protection from cold {unknown}
 F - a cursed ring of loudness {unknown}
Wands
 p - a wand of confusion (10/48)
 s - a wand of iceblast (4/15)
 t - a wand of lightning (4/15)
 w - a wand of slowing (18/48)
Scrolls
 o - 2 scrolls of magic mapping
 G - a scroll of identify
Potions
 a - a potion of cancellation {unknown}
 d - 3 potions of flight
 k - a potion of berserk rage
 v - 2 potions of mutation {unknown}
Comestibles
 c - 3 meat rations
 h - 2 slices of pizza
 j - 2 beef jerkies
 m - a royal jelly


   Skills:
 + Level 7.1 Fighting
 + Level 11.6 Short Blades
 - Level 1.5 Armour
 + Level 3.8 Dodging
 * Level 14.6 Stealth
 - Level 6.0 Shields
 + Level 1.6 Evocations


You had 10 spell levels left.
You didn't know any spells.

Dungeon Overview and Level Annotations

Branches:
Dungeon (11/15)            Temple (0/1) D:5             Orc (0/2) D:11
   Lair: D:8-11

Altars:
Ashenzari
Fedhas
Gozag
Hepliaklqana
Okawaru
Trog
The Shining One

Annotations:
D:4 Eustachio


Innate Abilities, Weirdness & Mutations

You are small and have problems with some larger weapons.
You are carnivorous and can eat meat at any time.
Your skin changes colour to match your surroundings (Stealth+).


Message History

You block the warg's attack.
You see here a short sword.
You feel better. The warg barely misses you. You block the warg's attack.
You feel better. The warg bites you!
* * * LOW HITPOINT WARNING * * *
You block the warg's attack.
Your skin crawls.
You feel resistant to hostile enchantments.
You feel somewhat less full. The warg barely misses you.
The warg bites you but does no damage.
The orc priest looks encouraged for a moment.
The orc priest invokes the aid of Beogh against you.
Beogh smites you!
* * * LOW HITPOINT WARNING * * *
The warg bites you!
* * * LOW HITPOINT WARNING * * *
Things that are here:
a falchion; a whip; a club The warg bites you!
You die...

######.##.#.#.!.
#....#......
#.######....
#......[....
#ooo.....$.
#oo.....#
#)####..#
#..######o# .#
#......@h.# #
.....(###).#
..... #..# ....
#..# ... #..# ..
#..# . #..# #..#


You could see a warg and an orc wizard.

Vanquished Creatures
  Gastronok (D:9)
  Pikel (D:9)
  A gargoyle (D:11)
  Psyche (D:8)
  2 two-headed ogres
  A hippogriff (D:10)
  4 yaks (D:10)
  A human (D:11)
  Duvessa (D:6)
  4 orc warriors
  A water moccasin (D:9)
  A slave (D:9)
  2 ice beasts
  3 sky beasts
  A black bear (D:8)
  3 ogres
  A phantom (D:8)
  2 centaurs
  A big kobold (D:8)
  The ghost of murphy the Magician, an amateur DECj of Vehumet (D:4)
  2 bullfrogs
  Dowan (D:6)
  A scorpion (D:8)
  4 wights (D:9)
  4 killer bees (D:10)
  A howler monkey (D:5)
  A crimson imp (D:5)
  3 bullfrog zombies
  A jelly (D:6)
  3 hounds
  Crazy Yiuf (D:2)
  A gnoll shaman (D:9)
  3 orc priests
  A bullfrog skeleton (D:10)
  14 orc wizards
  3 iguanas
  Natasha (D:4)
  7 worker ants
  A hound zombie (D:6)
  A hound skeleton (D:5)
  8 gnolls
  A worker ant zombie (D:10)
  13 adders
  2 shadow imps
  An ooze (D:6)
  2 adder skeletons
  2 worms
  6 leopard geckos
  36 orcs
  4 giant cockroaches
  2 goblins
  6 hobgoblins
  6 jackals (D:4)
  13 kobolds
  5 quokkas
  A ball python (D:1)
  10 bats
  2 frilled lizards (D:2)
  A leopard gecko zombie (D:5)
  8 rats
  A fungus (D:2)
217 creatures vanquished.

Vanquished Creatures (others)
  A big kobold (D:9)
  2 orcs (D:9)
  4 kobolds (D:9)
7 creatures vanquished.

Grand Total: 224 creatures vanquished

Notes
Turn   | Place    | Note
-------+----------+-------------------------------------------
     0 | D:1      | Monkfish the Kobold Berserker began the quest for the Orb.
     0 | D:1      | Reached XP level 1. HP: 14/14 MP: 1/1
    31 | D:1      | Reached skill level 1 in Stealth
    31 | D:1      | Reached XP level 2. HP: 9/19 MP: 2/2
   236 | D:1      | Reached skill level 2 in Stealth
   236 | D:1      | Reached XP level 3. HP: 15/23 MP: 3/3
   435 | D:1      | Reached ** piety under Trog
   714 | D:2      | Reached skill level 5 in Short Blades
   714 | D:2      | Reached XP level 4. HP: 11/29 MP: 4/4
  1349 | D:2      | Found a runed door.
  1353 | D:2      | Noticed Crazy Yiuf
  1362 | D:2      | Killed Crazy Yiuf
  1362 | D:2      | Reached skill level 3 in Stealth
  1362 | D:2      | Reached XP level 5. HP: 22/33 MP: 5/5
  1379 | D:2      | Upgraded the game from 0.19-b1-3-g7dea586 to 0.19-b1-5-gdc9fa9d
  1547 | D:2      | Gained mutation: Your skin changes colour to match your surroundings (Stealth+). [potion of beneficial mutation]
  1652 | D:3      | Found a blossoming altar of Fedhas.
  2375 | D:4      | Reached *** piety under Trog
  2375 | D:4      | Reached XP level 6. HP: 38/38 MP: 6/6
  2380 | D:4      | Reached skill level 4 in Stealth
  2414 | D:4      | Noticed Eustachio
  2423 | D:4      | Found a blossoming altar of Fedhas.
  2427 | D:4      | Noticed murphy's ghost (amateur DECj)
  2436 | D:4      | Killed murphy's ghost
  2597 | D:4      | Reached skill level 5 in Stealth
  2597 | D:4      | Reached XP level 7. HP: 43/43 MP: 7/7
  3057 | D:4      | Noticed Natasha
  3064 | D:4      | Killed Natasha
  3093 | D:5      | Entered Level 5 of the Dungeon
  3102 | D:5      | Found a staircase to the Ecumenical Temple.
  3134 | D:5      | Found an opulent altar of Gozag.
  3186 | D:5      | Found a shattered altar of Ashenzari.
  3220 | D:5      | Reached skill level 6 in Stealth
  3549 | D:5      | Reached skill level 7 in Stealth
  3549 | D:5      | Reached XP level 8. HP: 48/48 MP: 8/8
  3687 | D:5      | Reached skill level 1 in Shields
  4010 | D:6      | Noticed Duvessa
  4014 | D:6      | Noticed Dowan
  4030 | D:6      | Killed Duvessa
  4047 | D:6      | Killed Dowan
  4083 | D:6      | Reached skill level 8 in Stealth
  4197 | D:6      | Got a shimmering golden ring
  4926 | D:7      | Reached skill level 9 in Stealth
  4950 | D:7      | Found a bloodstained altar of Trog.
  4950 | D:7      | Found a glowing golden altar of the Shining One.
  5254 | D:7      | Reached XP level 9. HP: 52/53 MP: 9/9
  5414 | D:8      | Identified the ring "Fevyddo" {MR+ MP+9 Slay+2} (You found it on level 6 of the Dungeon)
  5496 | D:8      | Noticed a two-headed ogre
  5660 | D:8      | Noticed Psyche
  5670 | D:8      | Reached skill level 5 in Fighting
  5675 | D:8      | Reached skill level 10 in Stealth
  5679 | D:8      | Killed Psyche
  5788 | D:8      | Reached **** piety under Trog
  5987 | D:8      | Reached skill level 11 in Stealth
  6002 | D:8      | Reached skill level 10 in Short Blades
  6190 | D:8      | Killed a two-headed ogre
  6209 | D:9      | Found an iron altar of Okawaru.
  6341 | D:9      | Reached XP level 10. HP: 39/60 MP: 10/10
  6550 | D:9      | Found a hazy altar of Hepliaklqana.
  6582 | D:9      | Noticed Gastronok
  6670 | D:9      | Killed Gastronok
  6670 | D:9      | Reached skill level 12 in Stealth
  6670 | D:9      | Reached skill level 1 in Evocations
  6760 | D:9      | Noticed Pikel
  6825 | D:9      | Killed Pikel
  6825 | D:9      | Reached skill level 13 in Stealth
  6959 | D:9      | Reached skill level 5 in Shields
  7310 | D:9      | Reached XP level 11. HP: 65/66 MP: 11/11
  7368 | D:10     | Entered Level 10 of the Dungeon
  7799 | D:10     | Reached skill level 14 in Stealth
  8371 | D:11     | Found a staircase to the Orcish Mines.
  8438 | D:11     | HP: 1/67 [warg (13)]
  8439 | D:11     | Mangled by a warg

Skill      XL: |  1  2  3  4  5  6  7  8  9 10 11 |
---------------+----------------------------------+-----
Stealth        | 1 2 3 5 7 9 11 13 14 | 14.6
Short Blades   | 5 6 7 8 10 11 | 11.6
Dodging        | 3 |  3.8
Fighting       | 4 5 6 7 |  7.1
Shields        | 2 3 5 6 |  6.0
Evocations     | 1 |  1.6
Armour         | |  1.5

Action                   |  1- 3 |  4- 6 |  7- 9 | 10-12 || total
-------------------------+-------+-------+-------+-------++-------
Melee: Short sword       |    75 |   182 |   266 |       ||   523
       Dagger            |       |       |    76 |   304 ||   380
Invok: Berserk           |     2 |     7 |     8 |     8 ||    25
       Trog's Hand       |     1 |       |     6 |    11 ||    18
       Burn Spellbooks   |       |       |     1 |     3 ||     4
Evoke: Wand              |       |       |     1 |     3 ||     4
  Use: Potion            |     2 |     4 |     2 |     2 ||    10
       Scroll            |     1 |     3 |     8 |     5 ||    17
 Stab: Sleeping          |     3 |     9 |    23 |    16 ||    51
       Confused          |       |       |     1 |       ||     1
       Distracted        |       |       |     1 |     1 ||     2
  Eat: Chunk             |     2 |    19 |    21 |    17 ||    59
Armor: Animal skin       |    12 |    17 |     6 |       ||    35
       Leather armour    |       |       |    28 |    25 ||    53
Dodge: Dodged            |    64 |   125 |   121 |    71 ||   381
Block: Buckler           |       |       |    69 |    55 ||   124
